[Event "Slovakian ECo-C Extraliga 2024-25"]
[Site "Slovakia"]
[Date "2025.02.15"]
[Round "5"]
[White "Moroni, Luca Jr"]
[Black "Ftacnik, Lubomir"]
[Result "1-0"]
[Annotator "TA"]
[ECO "A30"]
[WhiteElo "2552"]
[BlackElo "2440"]
[PlyCount "83"]
[EventDate "2024.09.12"]
[EventType "team-tourn"]
[EventCountry "SVK"]
[SourceTitle "playchess.com"]
[Source "ChessBase"]
[SourceQuality "1"]
[TimeControl "5400+30"]

1. c4 Nf6 2. Nc3 c5 3. Nf3 e6 4. g3 b6 5. Bg2 Bb7 6. O-O Be7 7. Re1 Ne4 8. Nxe4 Bxe4 9. d3 Bb7 10. e4 {[%emt 0:00:07] A30: Symmetrical English: Double Fianchetto and Hedgehog.} Nc6 11. d4 cxd4 12. Nxd4 {[%emt 0:00:08] The position is equal.} Nxd4 13. Qxd4 O-O 14. Bf4 Bc5 15. Qd2 Qe7 16. Red1 e5 17. Be3 Rad8 $146 (17... Bc6 18. Bxc5 bxc5 19. Qa5 f5 20. exf5 Bxg2 21. Kxg2 Rxf5 22. Rd2 d6 23. Qa6 Rf6 {½-½ Gelfand,B (2720)-Leko,P (2741) Moscow Tal Memorial Blitz 2008 (9)}) 18. Bxc5 Qxc5 19. Rac1 d6 20. Rc3 Bc8 21. Qe3 Be6 22. b3 Qxe3 23. Rxe3 Rd7 24. f4 {[%emt 0:06:56][%cal Bf2f4,Bf4f5][%mdl 32] [#] f5 is the strong threat.} f6 25. f5 Bf7 26. g4 {[%emt 0:01:58] Black is weak on the light squares} Rfd8 27. h4 Kf8 28. Bf3 h6 29. Be2 Ke7 30. Kf2 Rc7 31. Rg3 b5 32. cxb5 Rc2 $1 33. a4 Rb2 34. Rc1 $36 {[%emt 0:01:37][%mdl 2048] White has some pressure.} Bxb3 35. g5 hxg5 36. hxg5 Bxa4 (36... Rd7 $11) 37. Rc7+ (37. gxf6+ $1 $14 gxf6 38. Rg7+ (38. Rc7+ Kf8 $16) 38... Kf8 39. Rb7 (39. Rxa7 Bxb5 40. Rh1 Kg8 $11)) 37... Kf8 $11 38. Rh3 {[%emt 0:02:51][%cal Rh3h8] [#]} Rxe2+ $4 {[%emt 0:02:02][%mdl 8192] This move loses the game for Black.} 39. Kxe2 $18 Bxb5+ 40. Ke3 Rd7 41. Rh8+ Ke7 42. Rcc8 {[%emt 0:01:40] Weighted Error Value: White=0.08 (flawless) /Black=0.58  Loses game:     	---       	Black=1      Mistake:       	White=1     	Black=1      Inaccurate:     	White=2     	Black=2      OK:         	White=10    	Black=17     Best:        	---       	Black=2      Strong:       	---       	Black=1} 1-0

[Event "Slovakian ECo-C Extraliga 2024-25"]
[Site "Slovakia"]
[Date "2025.02.15"]
[Round "5"]
[White "Piesik, Piotr"]
[Black "Bures, Jaroslav"]
[Result "1/2-1/2"]
[Annotator "ChessBase"]
[ECO "E20"]
[WhiteElo "2422"]
[BlackElo "2402"]
[PlyCount "72"]
[EventDate "2024.09.12"]
[EventType "team-tourn"]
[EventCountry "SVK"]
[SourceTitle "playchess.com"]
[Source "ChessBase"]
[SourceQuality "1"]
[TimeControl "5400+30"]

1. d4 Nf6 2. c4 e6 3. Nc3 Bb4 4. Bf4 c5 5. e3 cxd4 6. exd4 d5 7. c5 Bxc3+ 8. bxc3 O-O 9. Bd3 b6 10. cxb6 axb6 11. Nf3 Ba6 12. O-O Ne4 13. Bxa6 Rxa6 14. Qb3 Nd7 15. Rfc1 Qf6 16. Be3 Qe7 17. c4 Ra3 18. Qb2 dxc4 19. Rxc4 Rfa8 20. Ne5 Nef6 21. Bg5 Qe8 22. Bxf6 Nxf6 23. Rc7 Qa4 24. h3 Nd5 25. Rxf7 Rxa2 26. Rxa2 Qxa2 27. Qb5 Qa1+ 28. Kh2 Qxd4 29. Nf3 Qa4 30. Qxa4 Rxa4 31. Rb7 h6 32. Ne5 Ra2 33. Kg3 Rb2 34. h4 Nf6 35. f3 Kh7 36. Kh3 Re2 1/2-1/2

[Event "Slovakian ECo-C Extraliga 2024-25"]
[Site "Slovakia"]
[Date "2025.02.15"]
[Round "5"]
[White "Jurcik, Martin"]
[Black "Zetocha, Claudiu Andrei"]
[Result "0-1"]
[Annotator "ChessBase"]
[ECO "B42"]
[WhiteElo "2349"]
[BlackElo "2283"]
[PlyCount "106"]
[EventDate "2024.09.12"]
[EventType "team-tourn"]
[EventCountry "SVK"]
[SourceTitle "playchess.com"]
[Source "ChessBase"]
[SourceQuality "1"]
[TimeControl "5400+30"]

1. e4 c5 2. Nf3 e6 3. d4 cxd4 4. Nxd4 a6 5. Bd3 Nf6 6. Qe2 d6 7. c4 g6 8. Nc3 Bg7 9. O-O O-O 10. Nb3 Nbd7 11. Bf4 Qc7 12. Rac1 b6 13. Rfd1 Nh5 14. Be3 Bb7 15. Qd2 Nhf6 16. f3 Rfc8 17. Bf1 Bf8 18. Qf2 Rab8 19. Qh4 Ne8 20. Nd4 Ng7 21. b3 Re8 22. Qf2 Rbc8 23. Nde2 Ba8 24. Nd4 Qb8 25. Kh1 Be7 26. Qd2 Bd8 27. Bg1 Bc7 28. Nc2 Rcd8 29. Ne3 Bc6 30. a4 Bb7 31. Qb2 f5 32. exf5 gxf5 33. Re1 Rf8 34. Rcd1 Rf6 35. Ne2 Rh6 36. h3 Ne5 37. Nd4 f4 38. Nec2 Ng6 39. Nxe6 Nxe6 40. Rxe6 Bc8 41. Ree1 Ne5 42. Bh2 Rf8 43. Qd4 Bb7 44. Be2 a5 45. Na3 Qd8 46. Nb5 Bb8 47. Nc3 Rxh3 48. Nd5 Rh4 49. Qxb6 Qg5 50. Qxb7 Qg3 51. Nf6+ Rxf6 52. Kg1 Rxh2 53. Bf1 Ba7+ 0-1

[Event "Slovakian ECo-C Extraliga 2024-25"]
[Site "Slovakia"]
[Date "2025.02.15"]
[Round "5"]
[White "Jakab, Bela"]
[Black "Cernousek, Lukas"]
[Result "1/2-1/2"]
[Annotator "ChessBase"]
[ECO "B51"]
[WhiteElo "2345"]
[BlackElo "2425"]
[PlyCount "66"]
[EventDate "2024.09.12"]
[EventType "team-tourn"]
[EventCountry "SVK"]
[SourceTitle "playchess.com"]
[Source "ChessBase"]
[SourceQuality "1"]
[TimeControl "5400+30"]

1. e4 c5 2. Nf3 d6 3. Bb5+ Nd7 4. a4 Ngf6 5. Nc3 g6 6. O-O Bg7 7. a5 a6 8. Be2 O-O 9. d3 b5 10. axb6 Nxb6 11. Qd2 Bb7 12. Qf4 d5 13. Qh4 e6 14. Bg5 h6 15. Bxh6 dxe4 16. dxe4 Nxe4 17. Bg5 Nxg5 18. Nxg5 Re8 19. Rfd1 Qe7 20. Rd3 Red8 21. Rg3 Rd4 22. Qh7+ Kf8 23. Re1 Nd7 24. Bf3 Nf6 25. Qh3 Rad8 26. Bxb7 Qxb7 27. Rf3 R8d6 28. b3 Qb4 29. Kf1 c4 30. Rxf6 Bxf6 31. Nh7+ Kg7 32. Nxf6 Kxf6 33. Ne4+ Rxe4 1/2-1/2

[Event "Slovakian ECo-C Extraliga 2024-25"]
[Site "Slovakia"]
[Date "2025.02.15"]
[Round "5"]
[White "Chovan, Milan"]
[Black "Jurcik, Marian"]
[Result "1/2-1/2"]
[Annotator "ChessBase"]
[ECO "A42"]
[WhiteElo "2325"]
[BlackElo "2411"]
[PlyCount "36"]
[EventDate "2024.09.12"]
[EventType "team-tourn"]
[EventCountry "SVK"]
[SourceTitle "playchess.com"]
[Source "ChessBase"]
[SourceQuality "1"]
[TimeControl "5400+30"]

1. d4 g6 2. c4 Bg7 3. Nc3 d6 4. e4 Nc6 5. d5 Nd4 6. Be3 c5 7. dxc6 Nxc6 8. Qd2 Nf6 9. h3 b6 10. Rc1 Ne5 11. f4 Ned7 12. Be2 Bb7 13. Bf3 Rb8 14. b4 O-O 15. Nge2 Ba6 16. Nd4 Bb7 17. O-O a6 18. Nde2 Re8 1/2-1/2

[Event "Slovakian ECo-C Extraliga 2024-25"]
[Site "Slovakia"]
[Date "2025.02.15"]
[Round "5"]
[White "Roubalik, Jakub"]
[Black "Terbe, Zsuzsanna"]
[Result "1-0"]
[Annotator "ChessBase"]
[ECO "D44"]
[WhiteElo "2319"]
[BlackElo "2165"]
[PlyCount "57"]
[EventDate "2024.09.12"]
[EventType "team-tourn"]
[EventCountry "SVK"]
[SourceTitle "playchess.com"]
[Source "ChessBase"]
[SourceQuality "1"]
[TimeControl "5400+30"]

1. d4 d5 2. c4 c6 3. Nf3 Nf6 4. Nc3 e6 5. Bg5 dxc4 6. e4 b5 7. e5 h6 8. Bh4 g5 9. Bg3 Nd5 10. Nd2 Nd7 11. Be2 Bb7 12. a4 a5 13. O-O Qb6 14. axb5 cxb5 15. Nde4 Rd8 16. Nxd5 Bxd5 17. Nc3 Bg7 18. Nxd5 exd5 19. Kh1 Nf8 20. f4 Ne6 21. f5 Nxd4 22. Bh5 Nxf5 23. Rxf5 O-O 24. Qf3 Rd7 25. Rf1 Qe6 26. Bg4 Qg6 27. Rf6 Bxf6 28. Bxd7 Rd8 29. Bf5 1-0

[Event "Slovakian ECo-C Extraliga 2024-25"]
[Site "Slovakia"]
[Date "2025.02.15"]
[Round "5"]
[White "Havlicek, Libor"]
[Black "Svana, Peter"]
[Result "0-1"]
[Annotator "ChessBase"]
[ECO "A49"]
[WhiteElo "2281"]
[BlackElo "2249"]
[PlyCount "63"]
[EventDate "2024.09.12"]
[EventType "team-tourn"]
[EventCountry "SVK"]
[SourceTitle "playchess.com"]
[Source "ChessBase"]
[SourceQuality "1"]
[TimeControl "5400+30"]

1. Nf3 Nf6 2. d4 g6 3. g3 Bg7 4. Bg2 O-O 5. O-O d5 6. c3 Nbd7 7. Nbd2 c5 8. Re1 cxd4 9. cxd4 b6 10. b4 Bb7 11. Bb2 Rc8 12. Qb3 b5 13. a4 bxa4 14. Rxa4 a6 15. e3 Nb6 16. Ra2 Nc4 17. Bf1 Ne8 18. b5 axb5 19. Qxb5 Ned6 20. Qb3 Bc6 21. Ba3 Nxa3 22. Qxa3 Nc4 23. Qb4 Qd7 24. Nb3 Rb8 25. Qc3 Bb5 26. Rb1 Qf5 27. Nfd2 Rfc8 28. Qa1 e5 29. dxe5 Nxd2 30. Rxd2 Bc4 31. Rdb2 Bxe5 32. Bxc4 0-1

[Event "Slovakian ECo-C Extraliga 2024-25"]
[Site "Slovakia"]
[Date "2025.02.15"]
[Round "5"]
[White "Straka, Jozef"]
[Black "Petran, Peter"]
[Result "1-0"]
[Annotator "ChessBase"]
[ECO "A80"]
[WhiteElo "2279"]
[BlackElo "2165"]
[PlyCount "109"]
[EventDate "2024.09.12"]
[EventType "team-tourn"]
[EventCountry "SVK"]
[SourceTitle "playchess.com"]
[Source "ChessBase"]
[SourceQuality "1"]
[TimeControl "5400+30"]

1. d4 f5 2. Nf3 Nf6 3. g3 b6 4. Bg2 Bb7 5. c4 e6 6. O-O Be7 7. d5 Ne4 8. Nd4 c5 9. Nb5 exd5 10. cxd5 d6 11. g4 Nf6 12. gxf5 Qd7 13. Qd3 a6 14. N5c3 b5 15. e4 b4 16. Ne2 a5 17. Nd2 Ba6 18. Nc4 Qb5 19. b3 Nbd7 20. Bb2 Ne5 21. Bxe5 dxe5 22. Qg3 O-O 23. Qxe5 Rf7 24. Ng3 Qb8 25. Qxb8+ Rxb8 26. e5 Bxc4 27. bxc4 Ng4 28. d6 Nxe5 29. dxe7 Rxe7 30. Rfe1 Kf8 31. Bd5 a4 32. Re3 b3 33. axb3 axb3 34. Rb1 b2 35. Kf1 Rb4 36. Re2 Nd3 37. Be4 Nf4 38. Rexb2 Rxc4 39. Bf3 Rc3 40. Bc6 Rc7 41. Be4 Re7 42. Rc2 Rxc2 43. Bxc2 Ra7 44. Ke1 Ke7 45. Ne4 c4 46. Kd2 Rd7+ 47. Kc3 Rc7 48. Kd4 h6 49. Rb5 Ne2+ 50. Ke3 Ng1 51. Re5+ Kf8 52. Nd6 Re7 53. Rxe7 Kxe7 54. Nxc4 Kf6 55. f4 1-0

[Event "Slovakian ECo-C Extraliga 2024-25"]
[Site "Slovakia"]
[Date "2025.02.15"]
[Round "5"]
[White "Ongut, Tamas Gunes"]
[Black "Plat, Vojtech"]
[Result "1/2-1/2"]
[Annotator "RC"]
[ECO "C45"]
[WhiteElo "2272"]
[BlackElo "2459"]
[PlyCount "47"]
[EventDate "2024.09.12"]
[EventType "team-tourn"]
[EventCountry "SVK"]
[SourceTitle "playchess.com"]
[Source "ChessBase"]
[SourceQuality "1"]
[TimeControl "5400+30"]

1. e4 e5 2. Nf3 Nc6 3. d4 exd4 4. Nxd4 Nf6 5. Nxc6 bxc6 6. e5 Qe7 7. Qe2 Nd5 8. c4 Ba6 9. b3 g6 10. g3 Bg7 11. Bb2 O-O 12. Bg2 Rae8 13. O-O Bxe5 14. Qxe5 Qxe5 15. Bxe5 Rxe5 16. cxd5 Bxf1 17. Kxf1 cxd5 18. Nc3 c6 19. Rc1 Rb8 20. Na4 Rb4 21. Rd1 Kf8 22. Bf3 Re7 23. Nc5 a5 24. Na6 1/2-1/2

[Event "Slovakian ECo-C Extraliga 2024-25"]
[Site "Slovakia"]
[Date "2025.02.15"]
[Round "5"]
[White "Manik, Mikulas"]
[Black "Stalmach, Richard"]
[Result "1-0"]
[Annotator "ChessBase"]
[ECO "B87"]
[WhiteElo "2262"]
[BlackElo "2455"]
[PlyCount "95"]
[EventDate "2024.09.12"]
[EventType "team-tourn"]
[EventCountry "SVK"]
[SourceTitle "playchess.com"]
[Source "ChessBase"]
[SourceQuality "1"]
[TimeControl "5400+30"]

1. e4 c5 2. Nf3 d6 3. d4 cxd4 4. Nxd4 Nf6 5. Nc3 a6 6. Bc4 e6 7. Bb3 b5 8. Bg5 Be7 9. Qf3 Qc7 10. e5 Bb7 11. exd6 Bxd6 12. Qe3 O-O 13. O-O-O Ng4 14. Qe2 Bf4+ 15. Bxf4 Qxf4+ 16. Kb1 b4 17. Na4 Nc6 18. Nxe6 fxe6 19. Bxe6+ Kh8 20. Qxg4 Qxg4 21. Bxg4 Ne5 22. Bh3 Rxf2 23. Nb6 Raf8 24. Rhe1 Ng6 25. Nd7 Rc8 26. Ne5 Rb8 27. Nd3 Rf6 28. Nc5 Rf2 29. Rd6 Rf6 30. Nxb7 Rxb7 31. Re8+ Rf8 32. Rxf8+ Nxf8 33. Rxa6 g5 34. a4 bxa3 35. Rxa3 Re7 36. Bf5 Re2 37. Rg3 h6 38. b4 Kg7 39. h4 Rf2 40. Bh3 Rf4 41. Rg4 Rxg4 42. Bxg4 gxh4 43. b5 Ng6 44. b6 Ne5 45. b7 Nc6 46. Bd7 Nb8 47. Bb5 Kf6 48. c4 1-0

[Event "Slovakian ECo-C Extraliga 2024-25"]
[Site "Slovakia"]
[Date "2025.02.15"]
[Round "5"]
[White "Vojtek, Vladimir"]
[Black "Molnar, Erno"]
[Result "1-0"]
[Annotator "ChessBase"]
[ECO "C26"]
[WhiteElo "2259"]
[BlackElo "2208"]
[PlyCount "69"]
[EventDate "2024.09.12"]
[EventType "team-tourn"]
[EventCountry "SVK"]
[SourceTitle "playchess.com"]
[Source "ChessBase"]
[SourceQuality "1"]
[TimeControl "5400+30"]

1. e4 e5 2. Nc3 Nf6 3. d4 exd4 4. Qxd4 Nc6 5. Qd3 Bb4 6. Bd2 O-O 7. O-O-O Re8 8. Nge2 d6 9. Bg5 h6 10. Bxf6 Qxf6 11. Nd5 Qd8 12. f4 Bc5 13. Ng3 Be6 14. Kb1 a5 15. Nh5 Kh8 16. Qg3 Rg8 17. Bc4 b5 18. Bxb5 Bxd5 19. Rxd5 Nd4 20. Bc4 Qe7 21. Qd3 Nc6 22. Rf5 Raf8 23. Re1 g6 24. Rxc5 dxc5 25. Ng3 Rd8 26. Qe3 Kh7 27. e5 Rge8 28. Ne4 Nb8 29. Nxc5 c6 30. b3 Nd7 31. Ne4 Nxe5 32. fxe5 Qxe5 33. Bxf7 Rf8 34. Bc4 Rd4 35. Ng5+ 1-0

[Event "Slovakian ECo-C Extraliga 2024-25"]
[Site "Slovakia"]
[Date "2025.02.15"]
[Round "5"]
[White "Kukel, Imre"]
[Black "Motuz, Karol"]
[Result "0-1"]
[Annotator "ChessBase"]
[ECO "C84"]
[WhiteElo "2237"]
[BlackElo "2305"]
[PlyCount "136"]
[EventDate "2024.09.12"]
[EventType "team-tourn"]
[EventCountry "SVK"]
[SourceTitle "playchess.com"]
[Source "ChessBase"]
[SourceQuality "1"]
[TimeControl "5400+30"]

1. e4 e5 2. Nf3 Nc6 3. Bb5 a6 4. Ba4 Nf6 5. O-O Nxe4 6. d4 Be7 7. Qe2 b5 8. d5 Nc5 9. Bb3 Na5 10. Nxe5 d6 11. Bd2 dxe5 12. Bxa5 O-O 13. Rd1 Bd6 14. Nd2 Qh4 15. Nf1 Bg4 16. f3 Bd7 17. Be1 Qe7 18. c3 Nxb3 19. axb3 a5 20. Ra2 a4 21. bxa4 bxa4 22. Bf2 Rab8 23. Nd2 c6 24. Nc4 cxd5 25. Rxd5 Be6 26. Ra5 a3 27. Ra7 Qg5 28. b4 Bxc4 29. Qxc4 Rbc8 30. Bc5 Bxc5+ 31. bxc5 Qe3+ 32. Kf1 Rxc5 33. Qe2 Qh6 34. R7xa3 Qxh2 35. Qe3 Qh1+ 36. Kf2 Qh4+ 37. Kg1 Qc4 38. Ra5 Rxa5 39. Rxa5 f6 40. Qc5 Rc8 41. Qxc4+ Rxc4 42. Ra3 Kf7 43. Kf2 h5 44. Ke3 h4 45. Kd3 Rf4 46. Ra7+ Kg6 47. Ke3 h3 48. gxh3 Rh4 49. Rc7 Rxh3 50. Kf2 Rh2+ 51. Kg3 Rc2 52. c4 f5 53. Kh3 f4 54. c5 Rf2 55. Kg4 Rg2+ 56. Kh4 Rg3 57. c6 Rxf3 58. Re7 Kf6 59. c7 Rc3 60. Rd7 g5+ 61. Kg4 e4 62. Rh7 Kg6 63. Rh3 Rxc7 64. Rc3 Rf7 65. Rc5 f3 66. Rxg5+ Kf6 67. Ra5 f2 68. Ra1 Ke5 0-1

[Event "Slovakian ECo-C Extraliga 2024-25"]
[Site "Slovakia"]
[Date "2025.02.15"]
[Round "5"]
[White "Molnar, Erno"]
[Black "Vojtek, Vladimir"]
[Result "*"]
[Annotator "NA"]
[ECO "C26"]
[WhiteElo "2208"]
[BlackElo "2259"]
[PlyCount "26"]
[EventDate "2024.09.12"]
[EventType "team-tourn"]
[EventCountry "SVK"]
[SourceTitle "playchess.com"]
[Source "ChessBase"]
[SourceQuality "1"]
[TimeControl "5400+30"]

1. e4 e5 2. Nc3 Nf6 3. d4 exd4 4. Qxd4 Nc6 5. Qd3 Bb4 6. Bd2 O-O 7. O-O-O Re8 8. Nge2 d6 9. Bg5 h6 10. Bxf6 Qxf6 11. Nd5 Qd8 12. f4 Bc5 13. Ng3 Be6 *

[Event "Slovakian ECo-C Extraliga 2024-25"]
[Site "Slovakia"]
[Date "2025.02.15"]
[Round "5"]
[White "Borosova, Zuzana"]
[Black "Kusa, Jakub"]
[Result "1-0"]
[Annotator "ChessBase"]
[ECO "C45"]
[WhiteElo "2190"]
[BlackElo "2405"]
[PlyCount "75"]
[EventDate "2024.09.12"]
[EventType "team-tourn"]
[EventCountry "SVK"]
[SourceTitle "playchess.com"]
[Source "ChessBase"]
[SourceQuality "1"]
[TimeControl "5400+30"]

1. e4 e5 2. Nf3 Nc6 3. d4 exd4 4. Nxd4 Nf6 5. Nxc6 bxc6 6. Bd3 d5 7. exd5 cxd5 8. O-O Be7 9. h3 O-O 10. Re1 Be6 11. Nd2 c5 12. c4 Rb8 13. Qc2 h6 14. Nf3 Bd6 15. b3 d4 16. Bd2 Qc7 17. Bf5 Rbe8 18. Rac1 Re7 19. b4 Rfe8 20. Bxe6 Rxe6 21. bxc5 Bxc5 22. Rxe6 Rxe6 23. Re1 Qe7 24. Rxe6 fxe6 25. Bf4 Qb7 26. Be5 Nd7 27. Bxd4 Bxd4 28. Nxd4 e5 29. Nf5 Nc5 30. Ne3 e4 31. Nd5 Nd3 32. f3 Nc5 33. fxe4 Qb8 34. Ne7+ Kf7 35. Qf2+ Kxe7 36. Qxc5+ Kf7 37. Qd5+ Ke7 38. c5 1-0

[Event "Slovakian ECo-C Extraliga 2024-25"]
[Site "Slovakia"]
[Date "2025.02.15"]
[Round "5"]
[White "Zetocha, Adrian"]
[Black "Zvarik, Martin"]
[Result "1/2-1/2"]
[Annotator "NA"]
[ECO "E39"]
[WhiteElo "2187"]
[BlackElo "2166"]
[PlyCount "33"]
[EventDate "2024.09.12"]
[EventType "team-tourn"]
[EventCountry "SVK"]
[SourceTitle "playchess.com"]
[Source "ChessBase"]
[SourceQuality "1"]
[TimeControl "5400+30"]

1. d4 Nf6 2. c4 e6 3. Nc3 Bb4 4. Qc2 c5 5. dxc5 O-O 6. a3 Bxc5 7. Nf3 Nc6 8. Bf4 d5 9. Rd1 e5 10. Bg5 d4 11. Nd5 Be7 12. Nxe7+ Qxe7 13. e4 h6 14. Bd2 Bg4 15. Bd3 Bxf3 16. gxf3 Nh5 17. Ke2 1/2-1/2

[Event "Slovakian ECo-C Extraliga 2024-25"]
[Site "Slovakia"]
[Date "2025.02.15"]
[Round "5"]
[White "Terbe, Zsuzsanna"]
[Black "Roubalik, Jakub"]
[Result "*"]
[Annotator "ChessBase"]
[ECO "D44"]
[WhiteElo "2165"]
[BlackElo "2319"]
[PlyCount "36"]
[EventDate "2024.09.12"]
[EventType "team-tourn"]
[EventCountry "SVK"]
[SourceTitle "playchess.com"]
[Source "ChessBase"]
[SourceQuality "1"]
[TimeControl "5400+30"]

1. d4 d5 2. c4 c6 3. Nf3 Nf6 4. Nc3 e6 5. Bg5 dxc4 6. e4 b5 7. e5 h6 8. Bh4 g5 9. Bg3 Nd5 10. Nd2 Nd7 11. Be2 Bb7 12. a4 a5 13. O-O Qb6 14. axb5 cxb5 15. Nde4 Rd8 16. Nxd5 Bxd5 17. Nc3 Bg7 18. Nxd5 exd5 *

[Event "Slovakian ECo-C Extraliga 2024-25"]
[Site "Slovakia"]
[Date "2025.02.15"]
[Round "5"]
[White "Szegi, Tamas"]
[Black "Zpevak, Pavel"]
[Result "1/2-1/2"]
[Annotator "NA"]
[ECO "B22"]
[WhiteElo "2123"]
[BlackElo "2267"]
[PlyCount "30"]
[EventDate "2024.09.12"]
[EventType "team-tourn"]
[EventCountry "SVK"]
[SourceTitle "playchess.com"]
[Source "ChessBase"]
[SourceQuality "1"]
[TimeControl "5400+30"]

1. e4 c5 2. c3 Nf6 3. e5 Nd5 4. d4 cxd4 5. Nf3 e6 6. Bc4 d6 7. O-O Nc6 8. cxd4 Be7 9. Qe2 O-O 10. a3 Bd7 11. Rd1 Rc8 12. Bxd5 exd5 13. Nc3 Be6 14. Bf4 dxe5 15. Nxe5 Nxe5 1/2-1/2

[Event "Slovakian ECo-C Extraliga 2024-25"]
[Site "Slovakia"]
[Date "2025.02.15"]
[Round "5"]
[White "Joba, Arpad"]
[Black "Bombek, Peter"]
[Result "*"]
[Annotator "NA"]
[ECO "B22"]
[WhiteElo "2109"]
[BlackElo "2104"]
[PlyCount "38"]
[EventDate "2024.09.12"]
[EventType "team-tourn"]
[EventCountry "SVK"]
[SourceTitle "playchess.com"]
[Source "ChessBase"]
[SourceQuality "1"]
[TimeControl "5400+30"]

1. e4 c5 2. c3 Nf6 3. e5 Nd5 4. Nf3 Nc6 5. Bc4 Nb6 6. Bb3 c4 7. Bc2 d6 8. exd6 Qxd6 9. O-O Bg4 10. Re1 O-O-O 11. b3 Qf6 12. Na3 Nd5 13. Nxc4 Nxc3 14. dxc3 Rxd1 15. Bxd1 e6 16. Bg5 Qg6 17. Nfe5 Nxe5 18. Nxe5 Qxg5 19. Nxf7 Qh5 *

[Event "Slovakian ECo-C Extraliga 2024-25"]
[Site "Slovakia"]
[Date "2025.02.15"]
[Round "5"]
[White "Bombek, Peter"]
[Black "Joba, Arpad"]
[Result "0-1"]
[Annotator "NA"]
[ECO "B22"]
[WhiteElo "2104"]
[BlackElo "2109"]
[PlyCount "74"]
[EventDate "2024.09.12"]
[EventType "team-tourn"]
[EventCountry "SVK"]
[SourceTitle "playchess.com"]
[Source "ChessBase"]
[SourceQuality "1"]
[TimeControl "5400+30"]

1. e4 c5 2. c3 Nf6 3. e5 Nd5 4. Nf3 Nc6 5. Bc4 Nb6 6. Bb3 c4 7. Bc2 d6 8. exd6 Qxd6 9. O-O Bg4 10. Re1 O-O-O 11. b3 Qf6 12. Na3 Nd5 13. Nxc4 Nxc3 14. dxc3 Rxd1 15. Bxd1 e6 16. Bg5 Qg6 17. Nfe5 Nxe5 18. Nxe5 Qxg5 19. Nxf7 Qh5 20. Bxg4 Qxg4 21. Nxh8 Qf5 22. Re3 Bd6 23. Rf3 Qe5 24. g3 Qd5 25. Rf7 Be5 26. Rf8+ Kd7 27. Ra8 Ke7 28. Rxa7 Bxc3 29. Rc1 Bd4 30. Rc7+ Kf6 31. Rf7+ Kg5 32. Ra4 b5 33. Ra6 Bf6 34. Raa7 Kg4 35. Rad7 Qe4 36. Kf1 Kf3 37. Rd1 Qe2+ 0-1

[Event "Slovakian ECo-C Extraliga 2024-25"]
[Site "Slovakia"]
[Date "2025.02.15"]
[Round "5.1"]
[White "Mihok, Oliver"]
[Black "Delgerdalai, Bayarjavkhlan"]
[Result "1/2-1/2"]
[Annotator "TA"]
[ECO "C78"]
[WhiteElo "2526"]
[BlackElo "2331"]
[PlyCount "90"]
[EventDate "2024.09.12"]
[EventType "team-tourn"]
[EventCountry "SVK"]
[SourceTitle "playchess.com"]
[Source "ChessBase"]
[SourceQuality "1"]
[TimeControl "5400+30"]

1. e4 e5 2. Nf3 Nc6 3. Bb5 a6 4. Ba4 Nf6 5. O-O b5 6. Bb3 Bc5 7. a4 Rb8 8. c3 d6 9. d4 Bb6 $1 10. a5 {[%emt 0:03:59] C78: Ruy Lopez: Archangelsk and Möller Defences.} Ba7 11. h3 O-O 12. Be3 {[%emt 0:01:47] White has an edge.} exd4 13. cxd4 d5 14. e5 {[%emt 0:06:06] White plays in the center} Ne4 15. Nc3 $36 {[%emt 0:05:12][%mdl 2048] White has the initiative.} Be6 16. Nxe4 $146 (16. Re1 $14) (16. Ne2 Ne7 17. Nd2 Rc8 18. Nxe4 dxe4 19. d5 Bxe3 20. dxe6 Bc5 21. exf7+ Kh8 22. Nf4 {1-0 Bernadskiy,V (2609)-Prado Lobo,J (2306) Titled Tuesday intern op 17th Jan Late blitz 2023 (3)}) 16... dxe4 $11 17. d5 {[%emt 0:00:03] Bxa7 is the strong threat.} (17. Bxe6 exf3 18. Bg4 (18. Qxf3 $2 Nxd4 19. Bxd4 fxe6 $19) 18... fxg2 (18... Bxd4 19. Rc1 $11) 19. Kxg2 Nxd4 $19 (19... Bxd4 20. Rc1 $11)) 17... exf3 (17... Bxe3 $11 18. dxe6 (18. dxc6 $2 exf3 19. Bxe6 fxg2 $19) 18... fxe6) 18. dxe6 $16 (18. dxc6 $2 Bxe3 19. Qxd8 Rfxd8 $19 (19... Rbxd8 $2 20. Bxe6 fxg2 21. Kxg2 $19)) 18... Bb6 $2 {[%mdl 8192] [#]} 19. Bc5 $2 Bxc5 $15 20. Qd6 Be3 $4 (20... cxd6 $19 21. exf7+ Rxf7 (21... Kh8 $2 22. g3 $19)) 21. Qxd8 (21. exf7+ Kh8 22. Qxc6 fxg2 $18) (21. Qxc6 $18 fxg2 22. exf7+ (22. fxe3 $2 gxf1=Q+ 23. Rxf1 Qg5+ 24. Kh2 Qxe5+ 25. Kh1 fxe6 $19) 22... Kh8 23. Rfe1 (23. fxe3 gxf1=Q+ 24. Rxf1 Qg5+ 25. Kh1 Qxe5 $19) (23. Qxg2 Bc5 $18) (23. Kxg2 Qg5+ 24. Kh1 Qh4 $18) 23... Bxf2+ 24. Kxf2 Qd4+ 25. Kxg2 Qxb2+ 26. Qc2 Qxc2+ 27. Bxc2 Rxf7 28. e6) 21... Rfxd8 $11 22. exf7+ (22. fxe3 $11 {was preferable.} Nxe5 23. exf7+ Kf8 24. Rac1) 22... Kf8 $15 23. fxe3 Nxe5 24. Rad1 (24. Rac1 $15) 24... Nc4 (24... Nxf7 25. Rc1 (25. Rxd8+ Nxd8 26. Rxf3+ Ke7 $11) 25... Ne5 26. Rc5 $15) (24... fxg2 $17 25. Kxg2 (25. Rxd8+ Rxd8 26. Kxg2 c5 $19) 25... c5 (25... Rxd1 26. Rxd1 Nc4 27. Rd7 $11)) 25. Rxd8+ $11 (25. Rxf3 $2 Nd2 (25... Nxa5 26. Rxd8+ Rxd8 27. Ba2 $17) 26. Rxd2 Rxd2 $19) 25... Rxd8 26. Bxc4 (26. Rxf3 $2 Nd2 (26... Nxa5 27. Be6 $17) 27. Be6 Nxf3+ 28. gxf3 Ke7 $19 (28... Rd1+ $2 29. Kf2 $19)) 26... bxc4 27. Rxf3 {[%emt 0:02:06][%mdl 4096] Endgame KR-KR. White is a pawn up.} Rd5 28. Rf4 Rxa5 29. Rxc4 c5 30. Rf4 Rb5 31. Rf2 Rb3 32. e4 Re3 33. Rf4 Re2 34. b3 Rb2 35. e5 Re2 36. Rf5 g6 37. Rf6 Rxe5 38. Rxa6 (38. h4 {is interesting.} Re3 39. Rxa6 Rxb3 40. Kf2) 38... Kxf7 39. Ra7+ Re7 40. Ra5 Rb7 41. Rxc5 (41. Kh2 $5) 41... Rb5 $2 {[%mdl 8192] [#]} 42. b4 $2 Rxb4 {[%emt 0:00:34] The position is equal.} 43. Rc6 Rb3 44. Rc7+ Kg8 45. Kf2 Rd3 {[%emt 0:00:09] Weighted Error Value: White=0.63/Black=0.59  Loses game:     	---       	Black=2      Missed win:     	White=3     	Black=1      Mistake:       	White=3     	Black=2      Inaccurate:     	---       	Black=1      OK:         	White=20    	Black=13     Best:        	White=2     	Black=3} 1/2-1/2